 Dungeon Crawl Stone Soup version 0.19.5 (webtiles) character file.

46 Inarius the Covered (level 3, 0/49 HPs)
             Began as a Minotaur Fighter on May 14, 2017.
             Succumbed to an adder's poison
             ... on level 3 of the Dungeon.
             The game lasted 00:02:53 (1405 turns).

Inarius the Covered (Minotaur Fighter)              Turns: 1405, Time: 00:02:54

Health: 0/49       AC: 21    Str: 17 (20) XL:     3   Next: 46%
Magic:  2/2        EV:  2    Int:  7 (10) God:
Gold:   102        SH:  9    Dex:  9 (10) Spells: 0 memorised, 2 levels left

rFire  . . .     SeeInvis .     a - +0 war axe
rCold  . . .     Gourm    .     (armour currently unavailable)
rNeg   + + +     Faith    +     c - +0 shield
rPois  +         Spirit   .     (helmet currently unavailable)
rElec  .         Reflect  .     (cloak currently unavailable)
rCorr  .         Harm     .     (gloves currently unavailable)
MR     .....     NoTele   +     (boots currently unavailable)
Stlth  +.........               k - amulet of faith
                                (no ring)
                                h - ring of flight

@: brilliant, lethally poisoned (0 -> -9), tree-form
A: (retaliatory headbutt), (horns 0)
a: no special abilities


You were on level 3 of the Dungeon.
You were not hungry.
You were a tree.
You visited 1 branch of the dungeon, and saw 3 of its levels.

You collected 102 gold pieces.

Inventory:

Hand Weapons
 a - a +0 war axe (weapon)
Armour
 c - a +0 shield (worn)
 n - a +0 ring mail (melded)
 r - a +0 cloak (melded)
Jewellery
 h - a ring of flight (left branch)
 k - an amulet of faith (around neck)
Scrolls
 j - a scroll of enchant weapon {unknown}
 l - a scroll of teleportation {unknown}
 p - a scroll of enchant armour {unknown}
 q - a scroll of identify {unknown}
 t - a scroll of remove curse {unknown}
Potions
 d - a potion of might
 g - a potion of magic
 u - a potion of heal wounds {unknown}
Comestibles
 f - 2 bread rations
 i - 3 meat rations
 s - a beef jerky


   Skills:
 + Level 4.2 Fighting
 + Level 2.9 Axes
 + Level 4.3 Armour
 + Level 4.1 Shields


You had 2 spell levels left.
You didn't know any spells.

Dungeon Overview and Level Annotations

Branches:
Dungeon (3/15)

Altars:
Cheibriados


Innate Abilities, Weirdness & Mutations

((You reflexively headbutt those who attack you in melee.))
((You have a pair of horns on your head.))


Message History

It was a potion of brilliance.
You feel clever all of a sudden.
* * * LOW HITPOINT WARNING * * *
You feel sick. The adder bites you.
* * * LOW HITPOINT WARNING * * *
You are more poisoned.
The adder poisons you!
It was a potion of lignification.
You turn into a tree.
Your +0 cloak melds into your body.
Your +0 ring mail melds into your body.
Your roots penetrate the ground.
* * * LOW HITPOINT WARNING * * *
You feel sick. The adder bites you but does no damage.
It was a potion of degeneration.
There was something very wrong with that liquid.
You feel weakened.
You feel dopey.
You feel clumsy.
* * * LOW HITPOINT WARNING * * *
You feel sick. You block the adder's attack.
The adder bites you but does no damage.
It was a potion of magic.
Magic courses through your body.
You die...

...........#..# .#
.#..........#.#..# .#
.................. .#
.............#... ..###
..........##..#.#.....#
.........[.......#....##
............#...........
.........#..#.###......#
.........##.....♣†......
.........##....#†S.#.#?.
..)......#####.##......
.........# #..........
.........#####.###$.....
#####........... ......
#...######## ......
#..## ...... ..##


You could see an adder.

Vanquished Creatures
  2 dart slugs
  A leopard gecko (D:2)
  An orc (D:3)
  A ball python (D:2)
  6 bats
  2 giant cockroaches
  4 goblins
  5 hobgoblins
  9 kobolds
  A quokka (D:2)
  A frilled lizard (D:1)
  5 rats
38 creatures vanquished.

Notes
Turn   | Place    | Note
-------+----------+-------------------------------------------
     0 | D:1      | Inarius the Minotaur Fighter began the quest for the Orb.
     0 | D:1      | Reached XP level 1. HP: 19/19 MP: 0/0
   192 | D:1      | Reached XP level 2. HP: 27/27 MP: 1/1
  1056 | D:2      | Reached XP level 3. HP: 33/33 MP: 2/2
  1084 | D:2      | Found a snail-covered altar of Cheibriados.
  1403 | D:3      | HP: 2/49 [poisoned by an adder]
  1405 | D:3      | Succumbed to an adder's poison

Skill      XL: |  1  2 |
---------------+-------+-----
Armour         | 4 |  4.3
Fighting       | 4 |  4.2
Shields        | 4 |  4.1
Axes           | |  2.9

Action                   || total
-------------------------++-------
Melee: War axe           ||   112
       Headbutt          ||    16
  Use: Potion            ||     4
  Eat: Chunk             ||     2
Armor: Scale mail        ||    52
       Ring mail         ||    10
       Skin              ||     2
Dodge: Dodged            ||    35
Block: Shield            ||    67
